 Dungeon Crawl Stone Soup version 0.21-a0-88-g13b9641 (webtiles) character file.

77 sagitran the Covered (level 4, 0/37 HPs)
             Began as a Gnoll Wanderer on June 27, 2017.
             Slain by an adder (1 damage)
             ... on level 2 of the Dungeon.
             The game lasted 00:17:07 (2085 turns).

sagitran the Covered (Gnoll Wanderer)               Turns: 2085, Time: 00:17:08

Health: 0/37       AC:  8    Str:  9    XL:     4   Next: 33%
Magic:  5/7        EV: 15    Int: 13    God:
Gold:   110        SH:  5    Dex: 20    Spells: 4/8 levels left

rFire    . . .     SeeInvis .   e - +0 mace
rCold    + . .     Gourm    .   (no shield)
rNeg     . . .     Faith    .   v - +0 ring mail (curse)
rPois    .         Spirit   .   k - +1 helmet
rElec    .         Reflect  +   (no cloak)
rCorr    .         Harm     .   (no gloves)
MR       ++...     Rnd*Rage +   (no boots)
Stlth    ++........             j - +5 amulet of reflection
HPRegen  0.12/turn              t - ring of protection from cold
MPRegen  0.10/turn              f - ring of protection from magic

@: agile, very slightly contaminated
A: short attention span, fangs 1, berserk 1, deterioration 1, magic resistance
1, robust 1, strong nose
a: no special abilities


You were on level 2 of the Dungeon.
You were not hungry.

You visited 1 branch of the dungeon, and saw 2 of its levels.

You collected 110 gold pieces.

Inventory:

Hand Weapons
 a - a +3 shortbow
 e - a +0 mace (weapon)
 i - a +0 short sword
 l - a +0 spear
 m - a +0 hunting sling
Missiles
 b - 23 arrows
 h - 72 stones (quivered)
 n - 38 sling bullets
Armour
 k - a +1 helmet (worn)
 u - a +0 chain mail
 v - a cursed +0 ring mail (worn)
Jewellery
 f - a ring of protection from magic (right hand)
 j - a +5 amulet of reflection (around neck)
 r - an uncursed amulet of regeneration {unknown}
 t - a ring of protection from cold (left hand)
Scrolls
 g - a scroll of identify {unknown}
 o - a scroll of recharging {unknown}
 s - a scroll of noise {unknown}
 x - a scroll of remove curse {unknown}
Potions
 q - a potion of flight {unknown}
 w - a potion of haste {unknown}
Books
 c - the Almanac of the Beginning

   Spells                             Type                      Level
   a - Confusing Touch                Hexes                        1
   b - Dazzling Spray                 Conjuration/Hexes            3
Comestibles
 p - 3 fruits


   Skills:
 + Level 2.6 Fighting
 + Level 1.2 Short Blades
 + Level 1.2 Maces & Flails
 + Level 2.1 Slings
 + Level 4.2 Bows
 + Level 4.3 Armour
 + Level 0.4 Dodging
 + Level 2.5 Spellcasting
 + Level 2.4 Hexes
   Level 1.7 Earth Magic
   Level 3.2 Evocations


You had 4 spell levels left.
You knew the following spells:

 Your Spells              Type           Power        Failure   Level  Hunger
a - Confusing Touch       Hex            #.....       22%         1    #......
b - Dazzling Spray        Conj/Hex       #.....       73%         3    ###....


Dungeon Overview and Level Annotations

Branches:
Dungeon (2/15)

Altars:


Innate Abilities, Weirdness & Mutations

You have a short attention span.
You have very sharp teeth.
Your uncanny sense of smell can sniff out nearby items.
You tend to lose your temper in combat.
Your body sometimes deteriorates upon taking damage.
You are resistant to hostile enchantments. (MR+)
You are robust. (+10% HP)


Message History

* * * LOW HITPOINT WARNING * * *
The dart slug bites you.
* * * LOW HITPOINT WARNING * * *
The quokka misses you.
It was a potion of agility.
You feel agile all of a sudden.
The quokka bites you but does no damage.
The black bear bites you.
* * * LOW HITPOINT WARNING * * *
The black bear claws you but does no damage.
The black bear claws you.
* * * LOW HITPOINT WARNING * * *
The dart slug barely misses you. The adder barely misses you.
You hit the black bear but do no damage.
The black bear is severely wounded.
The quokka bites you but does no damage.
The black bear goes berserk!
The adder misses you. The quokka misses you.
The dart slug completely misses you. The adder bites you.
You die...

.....#'#....................).
....##.##..#########.#.#######
....#...#..# #................
######.###......#.<....... #.
∆#..........#......... .# #..
#...................# .#
#.#########.........##.#.###.# .#
#.#!...)..#w......####...###.# .#
#.#$......'.h@...##..........#
.###.#(......#rS....##..........#
.....#########.......#..........#
......'.....#........#..........#
......#.....#........#..........#
......#######........#..........#
####÷..#...#.........#..........#
.......##†##.........#..........#
........#'#..........#..........#


You could see a black bear (berserk), an adder, a dart slug and a quokka.

Vanquished Creatures
  A gnoll (D:1)
  2 adders (D:2)
  A worm (D:2)
  4 leopard geckos
  6 bats
  3 giant cockroaches
  7 goblins
  2 hobgoblins (D:1)
  A quokka (D:2)
  2 frilled lizards (D:1)
  8 kobolds
  4 rats
41 creatures vanquished.

Vanquished Creatures (others)
  A bat (D:2)
1 creature vanquished.

Grand Total: 42 creatures vanquished

Notes
Turn   | Place    | Note
-------+----------+-------------------------------------------
     0 | D:1      | sagitran the Gnoll Wanderer began the quest for the Orb.
     0 | D:1      | sagitran set off with: a +2 shortbow, 27 arrows, the Almanac of the Beginning, a potion of lignification, a +0 robe, a bread ration
     0 | D:1      | Reached XP level 1. HP: 16/16 MP: 3/3
     1 | D:1      | Identified the Almanac of the Beginning
     3 | D:1      | Learned a level 1 spell: Confusing Touch
   219 | D:1      | Reached XP level 2. HP: 5/22 MP: 3/5
   958 | D:1      | Reached skill level 1 in Slings
   966 | D:1      | Reached XP level 3. HP: 25/27 MP: 6/6
   971 | D:1      | Learned a level 3 spell: Dazzling Spray
  1431 | D:2      | Reached skill level 1 in Short Blades
  1524 | D:2      | Gained mutation: Your body sometimes deteriorates upon taking damage. [potion of mutation]
  1524 | D:2      | Gained mutation: You tend to lose your temper in combat. [potion of mutation]
  1524 | D:2      | Gained mutation: You are robust. (+10% HP) [potion of mutation]
  1524 | D:2      | Gained mutation: You are resistant to hostile enchantments. (MR+) [potion of mutation]
  1530 | D:2      | HP: 1/29 [poisoned by an adder]
  1786 | D:2      | Reached XP level 4. HP: 27/37 MP: 7/7
  2029 | D:2      | Reached skill level 1 in Maces & Flails
  2069 | D:2      | Noticed a black bear
  2083 | D:2      | HP: 1/37 [black bear (3)]
  2085 | D:2      | Slain by an adder

Vault maps used:
D:1:      dpeg_arrival_circle_labyrinth_b
D:2:      minmay_divided_ellipse

Skill      XL: |  1  2  3  4 |
---------------+-------------+-----
Fighting       | 2 |  2.6
Spellcasting   | 2 |  2.5
Bows           | 4 |  4.2
Hexes          | 2 |  2.4
Armour         | 4 |  4.3
Slings         | 1 2 |  2.1
Short Blades   | 1 |  1.2
Maces & Flails | 1 |  1.2
Dodging        | |  0.4
Earth Magic    | |  1.7
Evocations     | |  3.2

Action                   |  1- 3 |  4- 6 || total
-------------------------+-------+-------++-------
Melee: Short sword       |    83 |       ||    83
       Unarmed           |     6 |       ||     6
       Shortbow          |     1 |       ||     1
       Mace              |    41 |    32 ||    73
       Spear             |     3 |       ||     3
       Bite              |     7 |     1 ||     8
 Fire: Shortbow          |    31 |     6 ||    37
       Hunting sling     |    25 |       ||    25
 Cast: Confusing Touch   |     7 |       ||     7
  Use: Scroll            |     5 |       ||     5
       Potion            |     5 |     1 ||     6
  Eat: Bread ration      |     1 |       ||     1
       Royal jelly       |     1 |       ||     1
Armor: Robe              |     5 |       ||     5
       Ring mail         |    78 |    33 ||   111
       Chain mail        |     9 |       ||     9
       Skin              |     8 |       ||     8
Dodge: Dodged            |   108 |    31 ||   139
Block: Other             |    50 |    16 ||    66
       Reflection        |     3 |       ||     3
